 Dungeon Crawl Stone Soup version 0.30.1-11-g7821555f0a (webtiles) character file.

Game seed: 2639702798347760697

7 porpoise the Vexing (level 1, 0/12 HPs)
             Began as a Deep Elf Hexslinger on Dec 12, 2023.
             Slain by a kobold
             ... wielding a +0 dagger
              (3 damage)
             ... on level 1 of the Dungeon.
             The game lasted 00:01:14 (290 turns).

porpoise the Vexing (Deep Elf Hexslinger)            Turns: 290, Time: 00:01:15

Health: 0/12       AC:  2    Str:  7    XL:     1   Next: 91%
Magic:  5/5        EV: 12    Int: 17    God:
Gold:   39         SH:  0    Dex: 15    Spells: 2/3 levels left

rFire   . . .        a - +1 sling
rCold   . . .        (no shield)
rNeg    . . .        c - +0 robe
rPois   .            (no helmet)
rElec   .            (no cloak)
rCorr   .            (no gloves)
SInv    .            (no boots)
Will    .....        (no amulet)
Stlth   +            (no ring)
HPRegen 0.22/turn    (no ring)
MPRegen 0.09/turn

%: no passive effects
@: no status effects
A: no striking features
a: no special abilities


You were on level 1 of the Dungeon.
You visited 1 branch of the dungeon, and saw 1 of its levels.

You collected 39 gold pieces.

Inventory:

Hand Weapons
 a - a +1 sling (weapon)
 b - a +0 spear
Armour
 c - a +0 robe (worn)
Scrolls
 d - a scroll of fog {unknown}
 e - a scroll of identify {unknown}
 v - a scroll of poison


   Skills:
 + Level 1.1 Fighting
 * Level 3.4 Ranged Weapons
 - Level 2.4 Dodging
 - Level 1.5 Spellcasting
 - Level 4.0 Hexes


You had 2 spell levels left.
You knew the following spells:

 Your Spells              Type           Power      Damage    Failure   Level
a - Slow                  Hex            56%        N/A       4%          1

Your spell library contained the following spells:

 Spells                   Type           Power      Damage    Failure   Level
 Inner Flame              Hex/Fire       8%         N/A       26%         3
 Portal Projectile        Hex/Tloc       16%        N/A       26%         3
 Cause Fear               Hex            7%         N/A       36%         4


Dungeon Overview and Level Annotations

Branches:
Dungeon (1/15)

Altars:


Message History

A kobold comes into view. It is wielding a +0 dagger.
The kobold shouts!
You hear a shout!
The kobold throws a stone.
The stone closely misses you.
You shoot a sling bullet.
The sling bullet completely misses the kobold.
You shoot a sling bullet.
The sling bullet closely misses the kobold.
You shoot a sling bullet.
The sling bullet barely misses the kobold.
The kobold throws a stone.
The stone hits you.
You shoot a sling bullet.
The sling bullet closely misses the kobold.
You shoot a sling bullet.
The sling bullet closely misses the kobold.
The kobold hits you with a +0 dagger.
You shoot a sling bullet.
The sling bullet barely misses the kobold.
The kobold barely misses you.
You shoot a sling bullet.
The sling bullet barely misses the kobold.
The kobold hits you with a +0 dagger. x2
You are too injured to fight recklessly!
You are too injured to fight recklessly!
You shoot a sling bullet.
The sling bullet hits the kobold but does no damage.
The kobold hits you with a +0 dagger.
You shoot a sling bullet. The sling bullet hits the kobold.
The kobold is moderately wounded.
The kobold barely misses you.
You shoot a sling bullet.
The sling bullet barely misses the kobold.
The kobold closely misses you.
You shoot a sling bullet.
The sling bullet barely misses the kobold.
The kobold hits you with a +0 dagger. x2
* * * LOW HITPOINT WARNING * * *
You shoot a sling bullet.
The sling bullet closely misses the kobold.
The kobold hits you with a +0 dagger.
You die...

###.....
##...########.####
#.....
#.................
.
#......####...####
.. #......# ##.###
... #......# #..#
.... #......###.##
..... +....†..†..#
......#.....######
#..K@....#
#.....#...#
#.....#...#
#.......#####
..##....# .
......# .......#
......#.


You could see a kobold.

Vanquished Creatures
  2 goblins (D:1)
  A hobgoblin (D:1)
  2 jackals (D:1)
  A ball python (D:1)
6 creatures vanquished.

Notes
Turn   | Place    | Note
-------+----------+-------------------------------------------
     0 | D:1      | porpoise the Deep Elf Hexslinger began the quest for the
                  | Orb.
     0 | D:1      | Reached XP level 1. HP: 11/11 MP: 5/5
   221 | D:1      | Reached skill level 1 in Fighting
   290 | D:1      | Slain by a kobold

Illustrated notes

Levels and vault maps discovered:
D:1:      psy_arrival_statuary, layout_basic, serial_shops, shop

Skill      XL: |  1 |
---------------+----+-----
Ranged Weapons | 3 |  3.4
Fighting       | 1 |  1.1
Dodging        | |  2.4
Spellcasting   | |  1.5
Hexes          | |  4.0

Action                     || total
---------------------------++-------
   Fire: Sling             ||    25
  Dodge: Dodged            ||     8
